AoeStats
← GORGORY

QS Arena

503698661Analyzed
1v1 RM · 1mo ago on Sep 1, 2026· 60m 33s· 2 players
Game mode
Random Map
Map size
Tiny (2 player)
Population
200
Speed
Normal
Resources
Standard
Victory
Conquest
Starting age
Dark Age
Ending age
Imperial Age
RankedLock teamsTeams togetherTeam positionsShared explorationLock speedFull tech treeHidden civsTurbo modeCheats
Victory
Defeat
🇦🇷 Ethiopians · Argentina
1008
+17
🇩🇪 Armenians · Germany
1024
-17
GORGORY
2:55 Loom
6:26 Feudal Age
6:52 Double-Bit Axe
6:52 Horse Collar
11:02 Wheelbarrow
14:33 Castle Age
13:21 Stone Mining
13:45 Gold Mining
15:40 Town Watch
17:17 Bow Saw
20:10 Fervor
22:26 Fletching
22:36 Padded Archer Armor
22:52 Heavy Plow
23:37 Padded Archer Armor
24:41 Forging
24:31 Scale Mail Armor
24:47 Thumb Ring
24:19 Crossbowman
26:35 Hand Cart
26:50 Leather Archer Armor
27:15 Squires
27:01 Arson
28:59 Gold Shaft Mining
28:57 Ballistics
28:33 Murder Holes
29:00 Sanctity
30:05 Stone Shaft Mining
33:26 Imperial Age
31:59 Forging
31:49 Scale Mail Armor
31:55 Royal Heirs
33:29 Iron Casting
32:50 Bodkin Arrow
33:52 Chain Mail Armor
33:50 Capped Ram
34:53 Conscription
33:58 Arbalester
34:02 Halberdier
35:12 Bracer
34:42 Siege Ram
36:57 Town Patrol
37:56 Elite Shotel Warrior
40:36 Ring Archer Armor
41:08 Blast Furnace
40:38 Plate Mail Armor
41:50 Two-Man Saw
42:49 Elite Skirmisher
Weststadt Warrior
8:58 Feudal Age
9:28 Double-Bit Axe
13:44 Castle Age
11:38 Horse Collar
14:06 Wheelbarrow
13:53 Town Watch
15:40 Bow Saw
16:18 Heavy Plow
17:13 Gold Mining
17:13 Stone Mining
19:03 Stone Mining
25:48 Imperial Age
24:29 Ballistics
24:19 Masonry
24:48 Forging
24:28 Fletching
24:44 Scale Barding Armor
25:09 Light Cavalry
26:01 Bloodlines
25:51 Husbandry
26:11 Hand Cart
25:42 Loom
26:50 Fortified Wall
27:53 Chemistry
27:37 Iron Casting
27:38 Conscription
27:36 Elite Composite Bowman
28:37 Padded Archer Armor
29:46 Bodkin Arrow
30:06 Leather Archer Armor
30:16 Leather Archer Armor
30:22 Chain Barding Armor
30:29 Town Patrol
31:51 Fereters
32:23 Hoardings
32:06 Cavalier
33:12 Bracer
33:42 Ring Archer Armor
34:12 Blast Furnace
33:16 Scale Mail Armor
34:57 Gold Shaft Mining
34:56 Capped Ram
35:53 Siege Ram
49:50 Heavy Scorpion
54:55 Block Printing
Connection lost

Rejoining the realm…

Still unreachable

The connection could not be restored.

Session expired

The server has moved on; the page needs a fresh start.